 Dungeon Crawl Stone Soup version 0.30-a0-760-g5a9884bb7c (webtiles) character file.

Game seed: 601707604321283876

11 Sabo the Nimble (level 2, 26/26 HPs)
             Began as a Gnoll Wanderer on Feb 11, 2023.
             Got out of the dungeon alive.
             The game lasted 00:04:10 (1133 turns).

Sabo the Nimble (Gnoll Wanderer)                    Turns: 1133, Time: 00:04:11

Health: 26/26      AC:  4    Str: 14    XL:     2   Next: 29%
Magic:  2/2        EV: 17    Int:  8    God:
Gold:   36         SH:  5    Dex: 17    Spells: 1/1 levels left

rFire   . . .      SeeInvis .    a - +0 falchion
rCold   . . .      Faith    .    d - +0 buckler
rNeg    . . .      Spirit   .    c - +0 leather armour
rPois   .          Reflect  .    (no helmet)
rElec   .          Harm     .    (no cloak)
rCorr   .          Rampage  .    (no gloves)
Will    .....                    j - +0 pair of boots
Stlth   +                        n - amulet of the acrobat
HPRegen 0.24/turn                m - +6 ring of strength
MPRegen 0.08/turn                (no ring)

@: no status effects
A: fangs 1, strong nose, distributed training
a: no special abilities


You escaped.
You visited 1 branch of the dungeon, and saw 2 of its levels.

You collected 36 gold pieces.

Inventory:

Hand Weapons
 a - a +0 falchion (weapon)
Missiles
 b - 4 throwing nets (quivered)
Armour
 c - a +0 leather armour (worn)
 d - a +0 buckler (worn)
 j - a +0 pair of boots (worn)
Jewellery
 m - a +6 ring of strength (left hand)
 n - an amulet of the acrobat (around neck)
Scrolls
 e - 2 scrolls of teleportation
 g - a scroll of blinking {unknown}
 h - a scroll of poison {unknown}
 k - a scroll of enchant weapon {unknown}
 o - a scroll of vulnerability {unknown}
Potions
 f - a potion of curing {unknown}
 i - a potion of ambrosia {unknown}
 l - a potion of berserk rage {unknown}
 p - a potion of heal wounds {unknown}


   Skills:
 + Level 4.5 Fighting
 + Level 0.4 Short Blades
 + Level 2.5 Long Blades
 + Level 0.4 Axes
 + Level 0.4 Maces & Flails
 + Level 0.4 Polearms
 + Level 0.4 Staves
 + Level 0.4 Ranged Weapons
 + Level 0.4 Throwing
 + Level 2.5 Armour
 + Level 10.4 Dodging
 + Level 0.4 Stealth
 + Level 2.5 Shields
 + Level 0.4 Unarmed Combat
 + Level 0.4 Spellcasting
 + Level 0.2 Conjurations
 + Level 0.2 Hexes
 + Level 0.2 Summonings
 + Level 0.2 Necromancy
 + Level 0.2 Translocations
 + Level 0.2 Transmutations
 + Level 0.2 Fire Magic
 + Level 0.2 Ice Magic
 + Level 0.2 Air Magic
 + Level 0.2 Earth Magic
 + Level 0.2 Poison Magic
 + Level 0.5 Invocations
 + Level 0.4 Evocations


You had one spell level left.
You didn't know any spells.
Your spell library contained the following spells:

 Spells                   Type           Power      Damage    Failure   Level
 Slow                     Hex            0%         N/A       54%         1
 Confusing Touch          Hex            0%         N/A       88%         3
 Vampiric Draining        Necr           0%         2d6       88%         3


Dungeon Overview and Level Annotations

Branches:
Dungeon (2/15)

Altars:


Innate Abilities, Weirdness & Mutations

You have very sharp teeth.
Your uncanny sense of smell can sniff out nearby items.
Your experience applies equally to all skills.


Message History

You bite the giant cockroach, but do no damage.
The giant cockroach is heavily wounded.
The giant cockroach misses you.
The giant cockroach bites you but does no damage.
You hit the giant cockroach.
You kill the giant cockroach!
As you open the door, it creaks loudly!
Found a scroll of teleportation.
There is an open door here.
e - 2 scrolls of teleportation (gained 1)
You open the door.
There is an open door here.
Found a blue potion.
A ball python comes into view.
The ball python hisses angrily.
You see here a blue potion.
Found a scroll labelled MEASEE ZEWO.
You barely miss the ball python. The ball python barely misses you.
The ball python grabs you. The ball python constricts you.
You hit the ball python but do no damage.
The ball python bites you. The ball python constricts you.
The ball python barely misses you. The ball python constricts you.
You hit the ball python.
You kill the ball python!
o - a scroll labelled MEASEE ZEWO
p - a blue potion
Found a book of Debilitation.
You pick up a book of Debilitation and begin reading...
You add the spells Slow, Vampiric Draining and Confusing Touch to your library.
You see here a +0 dagger.
There is a stone staircase leading down here.
Why would you want to do that?
You can't go up here!
You climb downwards.
There is a stone staircase leading up here.
You climb upwards.
There is a stone staircase leading down here.
There is a staircase leading out of the dungeon here.
Are you sure you want to leave the Dungeon?
This will make you lose the game!
You have escaped!

.................###............#
...........####### #.............
...........# #.....[.....#.
...........###### ##############
................##### #########
...........#........####....§§§##
...........#..≈≈≈≈...##..§§≈§≈§.#
.....#######.≈.≈≈≈≈......≈§§§≈≈..
.....# #.≈≈>@≈≈......≈≈≈§≈≈.#
.....# #.≈≈≈≈≈≈......≈≈§§§≈.#
.....# #.)≈≈≈≈..####..≈≈≈≈..#
###### ##......## ##........
#####..# #.##....# #..#
##.#..#### #...####....##
#...........# ##........###


There were no monsters in sight!

Vanquished Creatures
  2 ball pythons (D:1)
  An endoplasm (D:1)
  A giant cockroach (D:1)
  2 goblins (D:1)
  A hobgoblin (D:1)
  A quokka (D:1)
  A bat (D:1)
  A kobold (D:1)
10 creatures vanquished.

Notes
Turn   | Place    | Note
-------+----------+-------------------------------------------
     0 | D:1      | Reached skill level 10 in Dodging
     0 | D:1      | Sabo the Gnoll Wanderer began the quest for the Orb.
     0 | D:1      | Sabo set off with the following items: a +0 falchion, 4
                  | throwing nets, a +0 leather armour, a +0 buckler, a scroll
                  | of teleportation.
     0 | D:1      | Reached XP level 1. HP: 20/20 MP: 1/1
   462 | D:1      | Reached XP level 2. HP: 26/26 MP: 2/2
  1133 | D:$      | Got out of the dungeon alive.

Illustrated notes

Levels and vault maps discovered:
D:1:      dpeg_arrival_pits, layout_basic
D:2:      layout_basic

Skill      XL: | |
---------------+-+-----
Dodging        | | 10.4
Fighting       | |  4.5
Short Blades   | |  0.4
Long Blades    | |  2.5
Axes           | |  0.4
Maces & Flails | |  0.4
Polearms       | |  0.4
Staves         | |  0.4
Ranged Weapons | |  0.4
Throwing       | |  0.4
Armour         | |  2.5
Stealth        | |  0.4
Shields        | |  2.5
Unarmed Combat | |  0.4
Spellcasting   | |  0.4
Conjurations   | |  0.2
Hexes          | |  0.2
Summonings     | |  0.2
Necromancy     | |  0.2
Translocations | |  0.2
Transmutations | |  0.2
Fire Magic     | |  0.2
Ice Magic      | |  0.2
Air Magic      | |  0.2
Earth Magic    | |  0.2
Poison Magic   | |  0.2
Invocations    | |  0.5
Evocations     | |  0.4

Action                     || total
---------------------------++-------
  Melee: Falchion          ||    30
         Bite              ||     5
 Armour: Leather armour    ||     7
  Dodge: Dodged            ||    22
  Block: Buckler           ||     6

Table legend: (Time is in decaauts)
 A = Elapsed time spent in this place.
 B = Non-inter-level travel time spent in this place.
 C = Inter-level travel time spent in this place.
 D = Time resting spent in this place.
 E = Time spent auto-exploring this place.
 F = Levels seen in this place.
 G = Mean time per level.
                   A        B        C        D        E       F      G
               +--------+--------+--------+--------+--------+-----+--------+
         Total |   1139 |   1139 |      0 |    300 |      0 |   2 |  569.5 |
       Dungeon |   1139 |   1139 |      0 |    300 |      0 |   2 |  569.5 |
               +--------+--------+--------+--------+--------+-----+--------+

Top non-repeatable levels by time:
     D:1: 1138 daAuts
     D:2: 1 daAuts
